 Dungeon Sprint DCSS version 0.22.0-13-g43fe8f2 (webtiles) character file.

0 poirepourri the Ruffian (level 1, 0/16 HPs)
             Began as a Draconian Transmuter on Aug 16, 2018.
             Was an Initiate of Cheibriados.
             Slain by Sigmund
             ... wielding a +2 scythe of slicing
              (12 damage)
             ... in the Dungeon (Sprint VI: "Thunderdome").
             The game lasted 00:00:45 (90 turns).

poirepourri the Ruffian (Draconian Transmuter)        Turns: 90, Time: 00:00:46

Health: 0/16       AC:  4    Str: 13    XL:     1   Next: 66%
Magic:  4/4        EV: 14    Int: 31    God:    Cheibriados [......]
Gold:   65         SH:  0    Dex: 12    Spells: 4/5 levels left

rFire    x . .     SeeInvis .     - Unarmed
rCold    . . .     Gourm    .   (no shield)
rNeg     . . .     Faith    .   (armour unavailable)
rPois    +         Spirit   .   (helmet restricted)
rElec    .         Reflect  .   (no cloak)
rCorr    .         Harm     .   (no gloves)
MR       .....     NoTele   +   (no boots)
Stlth    +.........             m - amulet "Atetody" {RegenMP *Slow rF- Int+9 Stlth+}
HPRegen  0.05/turn              n - ring of the Hare {rPois rF- EV+2 Int+8}
MPRegen  0.34/turn              o - ring of Butann {rF+ Stlth-}

@: appendage (expiring), very slightly contaminated, very slow
A: unfitting armour, horns 2, cold-blooded, AC +4
a: End Transformation, Bend Time, Renounce Religion


You were in the Dungeon.
You worshipped Cheibriados.
Cheibriados was noncommittal.
You were not hungry.
You had grown temporary horns.
You visited 1 branch You collected 200 gold pieces.
You spent 135 gold pieces at shops.

Inventory:

Missiles
 a - 12 arrows
Jewellery
 m - the amulet "Atetody" (around neck) {RegenMP *Slow rF- Int+9 Stlth+}
   (You bought it in a shop in the Dungeon)

   [amulet of magic regeneration]

   It increases your magic regeneration.
   It affects your intelligence (+9).
   It makes you vulnerable to fire.
   It may slow you when you take damage.
   It makes you more stealthy.
 n - the ring of the Hare (left hand) {rPois rF- EV+2 Int+8}
   (You bought it in a shop in the Dungeon)

   [ring of evasion]

   It affects your evasion (+2).
   It affects your intelligence (+8).
   It makes you vulnerable to fire.
   It protects you from poison.
 o - the ring of Butann (right hand) {rF+ Stlth-}
   (You bought it in a shop in the Dungeon)

   [ring of attention]

   It protects you from fire.
   It makes you less stealthy.
Wands
 j - a wand of acid (2)
 k - a wand of iceblast (5)
Scrolls
 i - 4 scrolls of blinking
 l - 3 scrolls of fog
Potions
 b - a potion of resistance
 d - a potion of curing
 e - 2 potions of heal wounds
 f - 4 potions of haste
 g - 2 potions of magic
 h - a potion of berserk rage
Comestibles
 c - a ration


   Skills:
 - Level 1.2 Fighting
 - Level 2.0 Dodging
 - Level 3.7 Unarmed Combat
 + Level 2.7 Spellcasting
 - Level 2.2 Transmutations


You had 4 spell levels left.
You knew the following spells:

 Your Spells              Type           Power        Failure   Level  Hunger
a - Beastly Appendage     Tmut           ###...       2%          1    None

Your spell library contained the following spells:

 Spells                   Type           Power        Failure   Level  Hunger
 Spider Form              Tmut/Pois      ##........   13%         3    ###....
 Blade Hands              Tmut           ###.......   61%         5    ######.
 Ice Form                 Ice/Tmut       ##......     41%         4    ####...
 Sticks to Snakes         Tmut           ###.....     4%          2    #......


Dungeon Overview and Level Annotations

Branches:
Dungeon (1/1)

Altars:
Cheibriados
Kikubaaqudgha
Okawaru
Qazlal
Trog
Zin
Jiyva
Lugonu

Shops:
D *[%?

Annotations:
D Sigmund


Innate Abilities, Weirdness & Mutations

Your plain brown scales are hard. (AC +4)
You cannot fit into any form of body armour.
You are cold-blooded and may be slowed by cold attacks.
You have a pair of horns on your head.


Message History

Aiming: Corrosive Bolt
Press: ? - help, Shift-Dir - straight line, f - Sigmund
Aim: Sigmund, wielding a scythe of slicing and wearing a robe The bolt of acid hits Sigmund.
Sigmund is splashed with acid.
Sigmund is heavily wounded.
Evoke which item? (* to show all) (? for menu, Esc to quit)
Aiming: Corrosive Bolt
Press: ? - help, Shift-Dir - straight line, f/p - Sigmund
Aim: Sigmund, wielding a scythe of slicing and wearing a robe (heavily wounded)
The bolt of acid misses Sigmund.
Sigmund hits you from afar with a scythe of slicing.
The goblin misses you.
Evoke which item? (* to show all) (? for menu, Esc to quit)
Aiming: Corrosive Bolt
Press: ? - help, Shift-Dir - straight line, f/p - Sigmund
Aim: Sigmund, wielding a scythe of slicing and wearing a robe (heavily wounded)
The bolt of acid misses Sigmund.
The goblin hits you but does no damage.
Sigmund hits you from afar with a scythe of slicing!
Ouch! That really hurt!
You die...

..... #_.......
#_..s.... #_@......
###.........###
#⌠...........⌠#
######.8.........8.#
##∩_@_@.....# ......
#∩..g.....8.# .8...
#.............###.....
#⌠..........###...#
#⌠..........# #.<.#
#⌠..........# #...#
##.............###......
###∩........8. .8....
##∩__....... .....


You could see Sigmund and a goblin.

Vanquished Creatures
  A worm (D)
  A leopard gecko (D)
2 creatures vanquished.

Notes
Turn   | Place    | Note
-------+----------+-------------------------------------------
     0 | D        | poirepourri the Draconian Transmuter began the quest for the Orb.
     0 | D        | Reached XP level 1. HP: 16/16 MP: 3/3
     3 | D        | Found an ancient bone altar of Kikubaaqudgha.
     3 | D        | Found a bloodstained altar of Trog.
     4 | D        | Found a stormy altar of Qazlal.
     4 | D        | Found a viscous altar of Jiyva.
     5 | D        | Found a snail-covered altar of Cheibriados.
     5 | D        | Found a glowing silver altar of Zin.
     5 | D        | Round 1.
     6 | D        | Found Tyrigoto's Delicious Food.
     6 | D        | Found an iron altar of Okawaru.
     6 | D        | Found a corrupted altar of Lugonu.
     6 | D        | Found Piwubafri's Identification Station.
     7 | D        | Found Resypiw's Jewellery.
     7 | D        | Found Hefatz's Advanced Armour.
    15 | D        | Became a worshipper of Cheibriados the Contemplative
    18 | D        | Bought a bound tin amulet for 45 gold pieces
    18 | D        | Bought a transparent iron ring for 45 gold pieces
    18 | D        | Bought a sparkling bronze ring for 45 gold pieces
    18 | D        | Identified the amulet "Atetody" {RegenMP *Slow rF- Int+9 Stlth+} (You bought it in a shop in the Dungeon)
    19 | D        | Identified the ring of the Hare {rPois rF- EV+2 Int+8} (You bought it in a shop in the Dungeon)
    20 | D        | Identified the ring of Butann {rF+ Stlth-} (You bought it in a shop in the Dungeon)
    81 | D        | Noticed Sigmund
    90 | D        | Slain by Sigmund

Skill      XL: |  1 |
---------------+----+-----
Dodging        | 2 |  2.0
Fighting       | |  1.2
Unarmed Combat | |  3.7
Spellcasting   | |  2.7
Transmutations | |  2.2

Action                   || total
-------------------------++-------
Melee: Unarmed           ||    11
       Headbutt          ||     3
 Cast: Beastly Appendage ||     3
Evoke: Wand              ||     3
  Use: Potion            ||     2
Armor: Skin              ||     2
Dodge: Dodged            ||     7
